 Dungeon Crawl Stone Soup version 0.29-a0-369-gd956c00756 (webtiles) character file.

Game seed: 14249373681974562092

25 experimilk the Cudgeller (level 2, -2/25 HPs)
             Began as a Palentonga Fighter on May 1, 2022.
             Slain by a hobgoblin (4 damage)
             ... led by Robin
             ... on level 2 of the Dungeon.
             The game lasted 00:02:16 (970 turns).

experimilk the Cudgeller (Palentonga Fighter)        Turns: 970, Time: 00:02:16

Health: -2/25      AC:  6    Str: 17 (19) XL:     2   Next: 82%
Magic:  2/2        EV:  7    Int:  5 (8)  God:
Gold:   52         SH:  3    Dex:  7 (9)  Spells: 1/1 levels left

rFire   . . .      SeeInvis +   a - +0 flail
rCold   . . .      Faith    .   c - +0 buckler
rNeg    . . .      Spirit   .   b - +0 scale mail
rPois   .          Reflect  .   (helmet restricted)
rElec   .          Harm     .   (no cloak)
rCorr   .          Rampage  .   (no gloves)
Will    .....                   (no barding)
Stlth   ..........              (no amulet)
HPRegen 0.08/turn               (no ring)
MPRegen 0.08/turn               (no ring)

@: mighty, brilliant
A: large, rugged brown scales 3, see invisible, deformed body, roll 1, armoured
tail, horns 1, subdued magic 1
a: Rolling Charge


You were on level 2 of the Dungeon.
You visited 1 branch of the dungeon, and saw 2 of its levels.

You collected 52 gold pieces.

Inventory:

Hand Weapons
 a - a +0 flail (weapon)
 e - a +0 flail
Missiles
 f - 2 poisoned darts (quivered)
Armour
 b - a +0 scale mail (worn)
 c - a +0 buckler (worn)
Scrolls
 h - 2 scrolls of identify {unknown}
 i - 2 scrolls of enchant armour {unknown}
 k - a scroll of fog {unknown}


   Skills:
 - Level 3.0 Fighting
 + Level 3.4 Maces & Flails
 - Level 2.4 Armour
 - Level 2.4 Shields


You had one spell level left.
You didn't know any spells.
Your spell library contained the following spells:

 Spells                   Type           Power      Damage    Failure   Level
 Foxfire                  Conj/Fire      0%         2x1d4     90%         1
 Conjure Flame            Conj/Fire      0%         6-21      99%         3
 Inner Flame              Hex/Fire       0%         N/A       99%         3
 Summon Guardian Golem    Hex/Summ       0%         N/A       99%         3
 Flame Wave               Conj/Fire      0%         2d4       100%        4
 Orb of Destruction       Conj           0%         9d5       100%        7
 Spellforged Servitor     Conj/Summ      0%         N/A       100%        7


Dungeon Overview and Level Annotations

Branches:
Dungeon (2/15)

Altars:


Innate Abilities, Weirdness & Mutations

You are completely covered in rugged brown scales. (AC +3, +7% HP)
You have supernaturally acute eyesight. (SInv)
Armour fits poorly on your strangely shaped body.
You can roll at nearby foes to attack.
You have a long armoured tail.
You have a pair of small horns on your head.
Your spells are a little easier to cast, but a little less powerful.


Message History

The goblin hits you but does no damage.
You sock Robin!
You kill Robin!
The goblin hits you with a +0 dagger. The hobgoblin hits you.
* * * LOW HITPOINT WARNING * * *
The goblin hits you with a +0 club.
* * * LOW HITPOINT WARNING * * *
Unknown command.
A hobgoblin and 3 goblins come into view.
The hobgoblin shouts!
The goblin shouts! x3; You hear a shout!
You hear a bark!
The hobgoblin hits you but does no damage.
You hear a shout!
Items here: ) [[ †.
A hobgoblin and a jackal come into view.
The hobgoblin shouts!
A goblin comes into view. It is wielding a +0 club.
The goblin hits you but does no damage.
You feel very mighty all of a sudden.
A jackal comes into view.
You block the goblin's attack.
It was a potion of degeneration.
There was something very wrong with that liquid.
You feel weakened.
You feel dopey.
You feel clumsy.
The jackal barks!
You hear a bark! x2
The goblin barely misses you. The hobgoblin barely misses you.
The goblin hits you but does no damage.
It was a potion of mutation.
You feel extremely strange. A pair of horns grows on your head!
Your connection to magic feels subdued.
The goblin closely misses you.
The hobgoblin hits you but does no damage.
The goblin barely misses you.
It was a potion of brilliance.
You feel clever all of a sudden. You block the goblin's attack.
The hobgoblin closely misses you. The goblin hits you with a +0 club.
* * * LOW HITPOINT WARNING * * *
You sock the goblin!
You kill the goblin!
The hobgoblin hits you.
You die... #### #########. ...# #)@gggghhg

##.#
####g######g.
#.# #...)?#
#.# #.##..#
#.# #.....#
##.###
#.....#
.....#
#.....#
##.#.#
#.#.#.# #.#.#
#.#.#.#


You could see 2 jackals, 3 hobgoblins and 4 goblins.

Vanquished Creatures
  Robin (D:2)
  2 endoplasms (D:1)
  2 goblins (D:2)
  3 hobgoblins
  3 ball pythons
  2 bats (D:1)
  A frilled lizard (D:1)
  A kobold (D:1)
15 creatures vanquished.

Notes
Turn   | Place    | Note
-------+----------+-------------------------------------------
     0 | D:1      | experimilk the Palentonga Fighter began the quest for the
                  | Orb.
     0 | D:1      | Reached XP level 1. HP: 19/19 MP: 1/1
   444 | D:1      | Reached XP level 2. HP: 25/25 MP: 2/2
   771 | D:2      | Found a faded altar of an unknown god.
   958 | D:2      | Noticed Robin
   963 | D:2      | Killed Robin
   968 | D:2      | Gained mutation: You have a pair of small horns on your
                  | head. [potion of mutation]
   968 | D:2      | Gained mutation: Your spells are a little easier to cast,
                  | but a little less powerful. [potion of mutation]
   970 | D:2      | Slain by a hobgoblin

Illustrated notes

Levels and vault maps discovered:
D:1:      nzn_arrival_settlement, layout_loops_ring
D:2:      layout_loops_corners, serial_shops, nicolae_shop_waterfront,
          nicolae_ecumenical_oubliette, uniq_robin, uniq_natasha,
          uniq_crazy_yiuf_cottage

Skill      XL: |  1  2 |
---------------+-------+-----
Maces & Flails | 3 |  3.4
Fighting       | |  3.0
Armour         | |  2.4
Shields        | |  2.4

Action                   || total
-------------------------++-------
Melee: Flail             ||    27
       Tailslap          ||     3
Throw: Dart              ||     2
 Abil: Rolling Charge    ||     9
  Use: Potion            ||     4
Armor: Scale mail        ||    16
Dodge: Dodged            ||    14
Block: Buckler           ||     6

Table legend: (Time is in decaauts)
 A = Elapsed time spent in this place.
 B = Non-inter-level travel time spent in this place.
 C = Inter-level travel time spent in this place.
 D = Time resting spent in this place.
 E = Time spent auto-exploring this place.
 F = Levels seen in this place.
 G = Mean time per level.
                   A        B        C        D        E       F      G
               +--------+--------+--------+--------+--------+-----+--------+
         Total |    979 |    909 |     70 |    158 |    366 |   2 |  489.5 |
       Dungeon |    979 |    909 |     70 |    158 |    366 |   2 |  489.5 |
               +--------+--------+--------+--------+--------+-----+--------+

Top non-repeatable levels by time:
     D:1: 798 daAuts
     D:2: 180 daAuts
